 Dungeon Crawl Stone Soup version 0.31-a0-692-gf03d1854d5 (webtiles) character file.

Game seed: 14759636267508481322

60 qw the Shooter (level 4, 0/28 HPs)
             Began as a Gargoyle Hunter on Sept 6, 2023.
             Slain by a goblin
             ... wielding a +1 dagger of speed
             ... led by Robin
              (1 damage)
             ... on level 2 of the Dungeon.
             The game lasted 00:00:27 (634 turns).

qw the Shooter (Gargoyle Hunter)                     Turns: 634, Time: 00:00:28

Health: 0/28       AC:  6    Str: 13 (14) XL:     4   Next: 4%
Magic:  4/4        EV: 11    Int:  8 (10) God:
Gold:   649        SH:  0    Dex: 14 (15) Spells: 3/3 levels left

rFire   . . .        Y - +0 shortbow
rCold   . . .        (shield currently unavailable)
rNeg    + . .        c - +0 leather armour
rPois   inf          (no helmet)
rElec   +            (no cloak)
rCorr   +            (no gloves)
SInv    .            (no boots)
Will    .....        (no amulet)
Stlth   +            g - ring of resist corrosion
HPRegen 0.24/turn    (no ring)
MPRegen 0.09/turn

%: no passive effects
@: about to teleport
A: sickness immunity, AC +3, negative energy resistance 1, electricity
resistance, torment resistance 1, petrification resistance
a: no special abilities


You were on level 2 of the Dungeon.
You visited 1 branch of the dungeon, and saw 2 of its levels.

You collected 649 gold pieces.


Innate Abilities, Weirdness & Mutations

You are immune to sickness and miasma.
Your stone body is resilient. (AC +3)
You are immune to poison.
You resist negative energy. (rN+)
You are resistant to electric shocks. (rElec)
You are resistant to unholy torment.
You are immune to petrification.


   Skills:
 - Level 3.2 Fighting
 + Level 5.0 Ranged Weapons
 - Level 1.5 Dodging
 - Level 1.1 Stealth


You had 3 spell levels left.
You didn't know any spells.
Your spell library was empty.

Inventory:

Hand Weapons
 Y - a +0 shortbow (weapon)
Armour
 c - a +0 leather armour (worn)
Jewellery
 g - a ring of resist corrosion (left hand)
Potions
 h - a potion of might {unknown}
 l - a potion of attraction {unknown}
 m - a potion of lignification {unknown}

Dungeon Overview and Level Annotations

Branches:
Dungeon (2/15)

Altars:

Shops:
D:1 (

Annotations:
D:2 Robin


Message History

A hobgoblin comes into view.
627 ||| Stepping ~*~*~tactically~*~*~ (outnumbered).
The goblin barely misses you. The goblin attacks as it pursues you!
The goblin hits you but does no damage. The goblin barely misses you.
You shoot an arrow. The arrow closely misses the goblin.
Robin roars a battlecry!
The goblins go into a battle-frenzy!
The goblin closely misses you.
The goblin hits you with a +1 dagger of speed.
The goblin barely misses you.
You shoot an arrow. The arrow closely misses the goblin.
The goblin hits you with a +0 club. The goblin misses you.
Robin says, "My goblins will feast on your bones."
A hobgoblin comes into view.
The goblin hits you with a +0 club.
You shoot an arrow. The arrow hits the goblin.
You kill the goblin!
The goblin hits you with a +1 dagger of speed.
Robin throws the goblin at you! The goblin hits you with a +0 dagger.
The goblin hits you but does no damage.
The goblin hits you with a +1 dagger of speed.
You shoot an arrow. The arrow hits the goblin!
You kill the goblin!
The goblin hits you with a +1 dagger of speed.
Robin roars a battlecry!
The goblin goes into a battle-frenzy!
The goblin hits you with a +0 dagger. The goblin hits you but does no damage.
The goblin hits you with a +1 dagger of speed.
632 ||| READING scroll of teleportation.
As you read the scroll of teleportation, it crumbles to dust.
You feel strangely unstable. The goblin hits you with a +0 dagger.
The goblin hits you but does no damage.
633 ||| Stepping ~*~*~tactically~*~*~ (outnumbered).
Found 12 gold pieces.
The goblin attacks as it pursues you! The goblin hits you but does no damage.
You shoot an arrow. The arrow misses the goblin.
The arrow hits the goblin!
You kill the goblin!
The goblin hits you with a +0 dagger.
The goblin hits you with a +1 dagger of speed. x2
You die...

######## ...
####..>...# ...
#....####@# # #
#.#
#.#....ggg#.#.ggg
#.#
#....##.)gg...#
##.##
##.#.##.#.#g#g...
#...#
#.#.##.#.#.# ..
#.))# #.#......#
$ #.<.#
#.###..... .#
##...####.#
#..#.. #
..........#
#.##..#


You could see 2 hobgoblins and 4 goblins.

Vanquished Creatures
  2 gnolls (D:2)
  An adder (D:2)
  A dart slug (D:1)
  2 ball pythons (D:1)
  4 bats (D:1)
  An endoplasm (D:1)
  2 hobgoblins (D:1)
  2 quokkas (D:1)
  2 frilled lizards (D:1)
  7 goblins
  7 rats (D:1)
31 creatures vanquished.

Notes
Turn   | Place    | Note
-------+----------+-------------------------------------------
     0 | D:1      | qw the Gargoyle Hunter began the quest for the Orb.
     0 | D:1      | Reached XP level 1. HP: 12/12 MP: 1/1
     0 | D:1      | 0 ||| qw: Version: 0.3-a-76-g4403597
     0 | D:1      | 0 ||| qw: Game counter: 112
     0 | D:1      | 0 ||| qw: Melee chars always use a shield: true
     0 | D:1      | 0 ||| qw: God list: Okawaru
     0 | D:1      | 0 ||| qw: Allow faded altars: false
     0 | D:1      | 0 ||| qw: Do Orc after clearing Dungeon:15 true
     0 | D:1      | 0 ||| qw: Do second Lair branch before Depths: true
     0 | D:1      | 0 ||| qw: Lair rune preference: random
     0 | D:1      | 0 ||| qw: Goals: Normal
     0 | D:1      | 0 ||| PLANNING D:1-11
    63 | D:1      | Found Woizoh's Antique Weapon Shoppe.
   104 | D:1      | Reached XP level 2. HP: 17/17 MP: 2/2
   149 | D:1      | Found a faded altar of an unknown god.
   216 | D:1      | 216 ||| SHOPLISTING steaming shortbow (200 gold, have 57).
   320 | D:1      | 320 ||| Stepping ~*~*~tactically~*~*~ (water).
   353 | D:1      | Reached XP level 3. HP: 21/21 MP: 3/3
   406 | D:1      | Reached skill level 5 in Ranged Weapons
   513 | D:1      | 513 ||| DROPPING ring of wizardry.
   514 | D:1      | 514 ||| UPGRADING to ring of resist corrosion.
   515 | D:1      | 515 ||| DROPPING +6 ring of intelligence.
   516 | D:1      | 516 ||| READING 2 scrolls labelled YTSEDI JIRIKKE.
   519 | D:1      | 519 ||| READING scroll labelled INEURGH KUFI.
   519 | D:1      | Identified a scroll of acquirement
   519 | D:1      | 519 ||| ACQUIRING 578 gold pieces
   519 | D:1      | Acquired 578 gold pieces
   521 | D:1      | 521 ||| READING scroll labelled LOARAK JUHASO.
   538 | D:1      | 538 ||| DRINKING 2 clear potions.
   539 | D:1      | 539 ||| DROPPING scroll of butterflies.
   540 | D:1      | 540 ||| DROPPING potion of degeneration.
   563 | D:2      | 563 ||| STAIRDANCE
   619 | D:2      | Reached skill level 3 in Fighting
   624 | D:2      | Reached XP level 4. HP: 28/28 MP: 4/4
   624 | D:2      | Noticed Robin
   627 | D:2      | 627 ||| Stepping ~*~*~tactically~*~*~ (outnumbered).
   631 | D:2      | HP: 7/28 [goblin/+1 dagger of speed[Robin] (1)]
   632 | D:2      | 632 ||| READING scroll of teleportation.
   633 | D:2      | 633 ||| Stepping ~*~*~tactically~*~*~ (outnumbered).
   634 | D:2      | HP: 1/28 [goblin/+1 dagger of speed[Robin] (4)]
   634 | D:2      | Slain by a goblin

Levels and vault maps discovered:
D:1:      dpeg_arrival_subterranean_lakeside_camping, layout_rooms,
          serial_shops, nicolae_shop_peninsula, ebering_ecumenical_altar_rust
D:2:      layout_loops_cross, uniq_robin

Skill      XL: |  1  2  3 |
---------------+----------+-----
Ranged Weapons | 5 |  5.0
Fighting       | 3 |  3.2
Dodging        | |  1.5
Stealth        | |  1.1

Action                     |  1- 3 |  4- 6 || total
---------------------------+-------+-------++-------
   Fire: Shortbow          |   106 |     8 ||   114
    Use: Scroll            |     3 |     1 ||     4
         Potion            |     1 |       ||     1
 Armour: Leather armour    |    32 |    21 ||    53
  Dodge: Dodged            |    25 |     6 ||    31

Table legend:
 A = Non-vault XP
 B = Vault XP
 C = Vault XP percentage of total XP
 D = Non-vault monster count
 E = Vault monster count
 F = Vault count percentage of total count
                 A         B        C        D         E       F
            +---------+---------+-------+---------+---------+-------
      Total |      71 |      16 |  18.4 |      21 |      10 |  32.3
            +---------+---------+-------+---------+---------+-------
        D:1 |      29 |      10 |  25.6 |      18 |       6 |  25.0
        D:2 |      42 |       6 |  12.5 |       3 |       4 |  57.1
            +---------+---------+-------+---------+---------+-------
